 Dungeon Crawl Stone Soup version 0.20.1-1-g8b1a95d (webtiles) character file.

2102 ANON1729 the Destroyer (level 9, -1/45 HPs)
             Began as a Tengu Conjurer on July 26, 2017.
             Slain by a mummy (15 damage)
             ... in an ossuary.
             The game lasted 00:20:54 (7034 turns).

ANON1729 the Destroyer (Tengu Conjurer)             Turns: 7034, Time: 00:20:55

Health: -1/45      AC:  5    Str:  8    XL:     9   Next: 28%
Magic:  12/21      EV: 13    Int: 21    God:
Gold:   246        SH:  0    Dex: 20    Spells: 16/23 levels left

rFire    . . .     SeeInvis .   q - +0 short sword
rCold    . . .     Gourm    .   (no shield)
rNeg     . . .     Faith    .   n - +1 robe {Archmagi}
rPois    .         Spirit   .   (helmet restricted)
rElec    .         Reflect  .   f - +0 cloak
rCorr    .         Harm     .   m - +0 pair of gloves
MR       .....                  (boots unavailable)
Stlth    ++........             (no amulet)
Regen    0.2/turn               a - +4 ring of dexterity
MPRegen  0.2/turn               l - +3 ring of intelligence

@: very slightly contaminated
A: beak, talons 3, able to fly 1
a: Fly


You were in an ossuary.
You were hungry.

You visited 1 branch of the dungeon, and saw 6 of its levels.
You also visited: Ossuary.

You collected 246 gold pieces.

Inventory:

Hand Weapons
 j - a +0 dagger
 q - a +0 short sword (weapon)
 z - a +0 whip of flaming
Armour
 f - a +0 cloak (worn)
 m - a +0 pair of gloves (worn)
 n - a +1 robe of the Archmagi (worn)
 C - a +0 pair of gloves
Jewellery
 a - a +4 ring of dexterity (left hand)
 l - a +3 ring of intelligence (right hand)
 r - a +3 ring of strength
 D - an uncursed amulet of harm
Wands
 o - a wand of paralysis (11/24)
 p - a wand of iceblast (6/15)
Scrolls
 d - 2 scrolls of remove curse
 e - 2 scrolls of teleportation
 h - a scroll of identify
 k - 2 scrolls of enchant weapon
 v - a scroll of blinking {unknown}
 y - 2 scrolls of fog
 F - a scroll of brand weapon {unknown}
 H - 2 scrolls of magic mapping {unknown}
Potions
 i - 5 potions of agility
 s - 3 potions of brilliance
 t - a potion of resistance {unknown}
 u - a potion of lignification {unknown}
 w - 2 potions of haste
 A - a potion of might {unknown}
 E - 2 potions of curing
 G - a potion of cancellation {unknown}
 J - a potion of heal wounds
Books
 b - a book of Conjurations

   Spells                             Type                      Level
   a - Magic Dart                     Conjuration                  1
   b - Searing Ray                    Conjuration                  2
   c - Dazzling Spray                 Conjuration/Hexes            3
   d - Fulminant Prism                Conjuration/Hexes            4
   e - Force Lance                    Conjuration/Translocation    4
   f - Iskenderun's Mystic Blast      Conjuration                  4
 B - a book of Cantrips

   Spells                             Type                      Level
   a - Confusing Touch                Hexes                        1
   b - Animate Skeleton               Necromancy                   1
   c - Summon Small Mammal            Summoning                    1
   d - Apportation                    Translocation                1
 I - a book of Callings

   Spells                             Type                      Level
   a - Summon Small Mammal            Summoning                    1
   b - Call Imp                       Summoning                    2
   c - Call Canine Familiar           Summoning                    3
   d - Summon Guardian Golem          Hexes/Summoning              3
   e - Summon Lightning Spire         Summoning/Air                4
   f - Summon Ice Beast               Ice/Summoning                4
Comestibles
 c - 5 bread rations
 g - a royal jelly
 x - 3 meat rations


   Skills:
 - Level 2.3 Dodging
 - Level 2.0 Stealth
 + Level 7.9 Spellcasting
 + Level 12.0 Conjurations


You had 16 spell levels left.
You knew the following spells:

 Your Spells              Type           Power        Failure   Level  Hunger
a - Magic Dart            Conj           ####         1%          1    None
b - Searing Ray           Conj           ######       1%          2    None
c - Fulminant Prism       Conj/Hex       ######....   7%          4    ###....


Dungeon Overview and Level Annotations

Branches:
Dungeon (6/15)
 Temple: D:4-7

Altars:
Ashenzari
Dithmenos
Nemelex Xobeh
Okawaru
Zin

Annotations:
D:4 baghtru's ghost, novice HOFi


Innate Abilities, Weirdness & Mutations

You have a beak for a mouth.
You have claws for feet.
You can fly.


Message History

Aiming: Searing Ray
Press: ? - help, Shift-Dir - straight line, f - mummy
Aim: a mummy (lightly damaged)
You feel a surge of power!
You miscast Searing Ray.
You are very lightly contaminated with residual magic.
Nothing appears to happen.
The mummy closely misses you. The mummy hits you!
Casting: Searing Ray
Confirm with . or Enter, or press ? or * to list all spells.
Aiming: Searing Ray
Press: ? - help, Shift-Dir - straight line, f/p - mummy
Aim: a mummy (lightly damaged)
You feel a surge of power!
The searing ray hits the mummy.
The mummy is moderately damaged. (Press . to maintain the ray.)
The mummy hits you!
The searing ray hits the mummy.
The mummy is heavily damaged.
The mummy hits you!
You die...

##.## #####..^###
##...+..^'.##
##..###...#..##
#..## ##+###^.#
#'## ##.## ##.##
#..# ###...###
##.#
#M@...'.##### #^.
###...#..##.###
#.#
##.###..##''###'#
#+# ##..#...##^#
#+.'...'..#
###...#### ##'##
#.# #.#


You could see a mummy.

Vanquished Creatures
  Pikel (D:4)
  Menkaure (D:4)
  A slave (D:4)
  2 ice beasts (D:5)
  2 phantoms
  3 ogres
  A bullfrog (D:3)
  Blork the orc (D:5)
  A crimson imp (D:5)
  3 orc priests
  A bullfrog skeleton (D:4)
  A jelly (D:6)
  5 orc wizards
  A centaur skeleton (D:5)
  9 worker ants
  A hound skeleton (D:6)
  6 mummies
  3 adders (D:4)
  2 oozes (D:2)
  A worm (D:2)
  A dart slug (D:3)
  6 leopard geckos
  10 orcs
  3 giant cockroaches
  10 goblins
  16 hobgoblins
  6 quokkas
  A ball python (D:3)
  7 bats
  8 frilled lizards
  4 goblin skeletons (Ossuary)
  9 kobolds
  A kobold skeleton (Ossuary)
  A kobold zombie (D:6)
  An orc zombie (D:6)
  A quokka zombie (D:5)
  6 rats
137 creatures vanquished.

Vanquished Creatures (others)
  2 slaves (D:4)
  A bullfrog (D:4)
  A dart slug (D:4)
  3 orcs (D:4)
  7 fulminant prisms
14 creatures vanquished.

Grand Total: 151 creatures vanquished

Notes
Turn   | Place    | Note
-------+----------+-------------------------------------------
     0 | D:1      | ANON1729 the Tengu Conjurer began the quest for the Orb.
     0 | D:1      | Reached XP level 1. HP: 10/10 MP: 4/4
   262 | D:1      | Reached XP level 2. HP: 15/15 MP: 1/6
   266 | D:1      | Learned a level 2 spell: Searing Ray
   992 | D:1      | Reached skill level 6 in Conjurations
   992 | D:1      | Reached XP level 3. HP: 18/19 MP: 1/7
  1176 | D:2      | You fall through a shaft for 2 floors!
  1459 | D:4      | Reached XP level 4. HP: 16/24 MP: 2/9
  1576 | D:4      | Noticed Pikel
  1576 | D:4      | Noticed a slave
  1576 | D:4      | Noticed a slave
  1576 | D:4      | Noticed a slave
  1589 | D:4      | Noticed a slave
  2080 | D:3      | Found a shattered altar of Ashenzari.
  2082 | D:3      | Noticed a bullfrog
  2338 | D:3      | Gained mutation: You can fly. [Tengu growth]
  2338 | D:3      | Reached XP level 5. HP: 28/28 MP: 8/10
  2363 | D:3      | Reached skill level 7 in Conjurations
  2456 | D:3      | Learned a level 4 spell: Fulminant Prism
  2911 | D:2      | Found an iron altar of Okawaru.
  2914 | D:2      | Found a shadowy altar of Dithmenos.
  2917 | D:2      | Found a sparkling altar of Nemelex Xobeh.
  2922 | D:2      | Reached XP level 6. HP: 30/32 MP: 5/13
  2925 | D:2      | Found a glowing silver altar of Zin.
  3587 | D:4      | Killed a slave
  3647 | D:4      | Killed Pikel
  3647 | D:4      | Reached skill level 5 in Spellcasting
  3647 | D:4      | Reached skill level 9 in Conjurations
  3647 | D:4      | Reached XP level 7. HP: 16/36 MP: 4/16
  3896 | D:4      | Noticed Menkaure
  3902 | D:4      | Killed Menkaure
  4091 | D:4      | Reached XP level 8. HP: 41/41 MP: 14/17
  4408 | D:4      | Noticed baghtru's ghost (novice HOFi)
  4411 | D:4      | Reached skill level 10 in Conjurations
  4927 | D:5      | Entered Level 5 of the Dungeon
  4929 | D:5      | Noticed Blork the orc
  4939 | D:5      | Killed Blork the orc
  5450 | D:5      | Reached skill level 11 in Conjurations
  5945 | D:5      | Reached XP level 9. HP: 16/45 MP: 15/21
  6753 | D:6      | Found a sand-covered staircase.
  6846 | Ossuary  | Entered an ossuary
  6915 | Ossuary  | Reached skill level 12 in Conjurations
  7034 | Ossuary  | Slain by a mummy

Skill      XL: |  1  2  3  4  5  6  7  8  9 |
---------------+----------------------------+-----
Conjurations   | 6 7 9 11 12 | 12.0
Spellcasting   | 3 4 5 7 |  7.9
Dodging        | |  2.3
Stealth        | |  2.0

Action                   |  1- 3 |  4- 6 |  7- 9 || total
-------------------------+-------+-------+-------++-------
Melee: Unarmed           |    46 |    46 |       ||    92
       Kick              |    11 |    12 |    13 ||    36
       Peck              |     6 |     9 |     6 ||    21
       Short sword       |       |       |    40 ||    40
 Cast: Magic Dart        |    17 |    80 |    53 ||   150
       Searing Ray       |     3 |    15 |    34 ||    52
       Fulminant Prism   |       |       |     7 ||     7
 Abil: Fly               |       |     1 |     1 ||     2
  Use: Scroll            |       |       |     9 ||     9
 Stab: Sleeping          |     3 |     1 |     2 ||     6
  Eat: Chunk             |     2 |     7 |     9 ||    18
       Royal jelly       |       |       |     1 ||     1
Armor: Robe              |     7 |    16 |     9 ||    32
Dodge: Dodged            |    30 |    37 |    53 ||   120
